 Dungeon Crawl Stone Soup version 0.28-a0-1339-ga5422284a4 (webtiles) character file.

Game seed: 8899270366114693054

1034 dracfodder the Chiller (level 8, -1/59 HPs)
             Began as a Black Draconian Ice Elementalist on Dec 28, 2021.
             Was an Initiate of Vehumet.
             Slain by an ogre (22 damage)
             ... on level 5 of the Dungeon.
             The game lasted 00:40:53 (6467 turns).

dracfodder the Chiller (DrIE)                       Turns: 6467, Time: 00:40:54

Health: -1/59      AC: 16    Str: 11    XL:     8   Next: 3%
Magic:  14/16      EV: 12    Int: 17    God:    Vehumet [......]
Gold:   179        SH:  0    Dex: 12    Spells: 6/18 levels left

rFire   . . .      SeeInvis .   a - +0 war axe (chaos)
rCold   + . .      Faith    .   (no shield)
rNeg    . . .      Spirit   .   (armour unavailable)
rPois   .          Reflect  .   (helmet restricted)
rElec   +          Harm     .   (no cloak)
rCorr   .          Rampage  .   m - +2 pair of gloves
Will    .....                   (no boots)
Stlth   ++........              l - amulet of magic regeneration
HPRegen 0.19/turn               e - ring of protection from cold
MPRegen 0.55/turn               (no ring)

@: mighty, ice-armoured, freezing walls
A: breathe lightning, AC +6, unfitting armour, electricity resistance,
cold-blooded
a: Breathe Lightning, Renounce Religion


You were on level 5 of the Dungeon.
You worshipped Vehumet.
Vehumet was noncommittal.
You visited 2 branches of the dungeon, and saw 8 of its levels.
You also visited: Sewer.

You collected 179 gold pieces.

Inventory:

Hand Weapons
 a - a +0 war axe of chaos (weapon)
 b - a +1 hunting sling
 i - a +2 flail of holy wrath
Missiles
 c - 31 arrows
 d - 142 stones
 g - 23 bolts
 p - 11 boomerangs
 x - 21 sling bullets
 z - 13 poisoned darts
Armour
 m - a +2 pair of gloves (worn)
Jewellery
 e - a ring of protection from cold (left hand)
 l - an amulet of magic regeneration (around neck)
Wands
 r - a wand of charming (4)
 w - a wand of mindburst (14)
Scrolls
 t - 2 scrolls of enchant armour
Potions
 f - 4 potions of curing
 h - a potion of invisibility
 j - 3 potions of might
 k - 2 potions of attraction {unknown}
 n - a potion of ambrosia {unknown}
 o - 2 potions of magic {unknown}
 q - a potion of flight {unknown}
 u - a potion of heal wounds {unknown}
 A - a potion of haste {unknown}


   Skills:
 + Level 1.1 Fighting
 + Level 1.0(1.3) Axes
 + Level 1.1(1.3) Maces & Flails
 + Level 0.9 Slings
 + Level 0.1(0.5) Throwing
 + Level 2.1 Dodging
 + Level 2.2 Stealth
 * Level 5.7 Spellcasting
 + Level 0.8 Summonings
 * Level 7.4 Ice Magic


You had 6 spell levels left.
You knew the following spells:

 Your Spells              Type           Power      Damage    Failure   Level
a - Freeze                Ice            100%       1d11      1%          1
b - Frozen Ramparts       Ice            60%        1d8       1%          3
c - Ozocubu's Armour      Ice            30%        N/A       1%          3
d - Summon Small Mammal   Summ           28%        N/A       10%         1
e - Hailstorm             Conj/Ice       17%        3d6       28%         4

Your spell library contained the following spells:

 Spells                   Type           Power      Damage    Failure   Level
 Corpse Rot               Necr/Air       8%         N/A       21%         2
 Poisonous Vapours        Pois/Air       8%         N/A       21%         2
 Call Canine Familiar     Summ           7%         N/A       28%         3
 Summon Guardian Golem    Hex/Summ       6%         N/A       32%         3
 Gell's Gravitas          Tloc           4%         N/A       36%         3
 Teleport Other           Tloc           4%         N/A       36%         3
 Dispersal                Tloc           2%         N/A       100%        6


Dungeon Overview and Level Annotations

Branches:
Dungeon (7/15)             Temple (1/1) D:5           Sewer (visited)

Altars:
Cheibriados
Dithmenos
Elyvilon
Fedhas
Gozag
Hepliaklqana
Kikubaaqudgha
Makhleb
Nemelex Xobeh
Okawaru
Qazlal
Ru
Sif Muna
Trog
Uskayaw
Vehumet
Wu Jian
Xom
Yredelemnul
Zin

Shops:
D:5 :


Innate Abilities, Weirdness & Mutations

You can breathe wild blasts of lightning.
Your glossy black scales are hard. (AC +6)
You cannot fit into any form of body armour.
You are resistant to electric shocks. (rElec)
You are cold-blooded and may be slowed by cold attacks.


Message History

Items here: )) [[ †.
Okay, then.
Unknown command.
Things that are here:
a +0 spear; a +0 robe; a gnoll corpse Your bat disappears in a puff of smoke!
Found Qank's Book Shop.
HP restored.
There is a stone staircase leading up here.
There is an entrance to Qank's Book Shop here.
You now have 179 gold pieces (gained 11).
You open the large door.
An ogre comes into view. It is wielding a +0 giant spiked club.
The ogre shouts!
There is a large open door here.
Casting: Summon Small Mammal (safe; 10% risk of failure)
Confirm with . or Enter, or press ? or * to list all spells.
Casting: Frozen Ramparts (safe; 1% risk of failure)
Press: ? - help, Dir - look around, f - activate The walls around you are covered in ice.
The wall freezes the ogre.
The ogre hits you with a +0 giant spiked club!!
Casting: Frozen Ramparts (safe; 1% risk of failure)
Confirm with . or Enter, or press ? or * to list all spells.
A film of ice covers your body!
The wall freezes the ogre.
The ogre misses you.
You hit the ogre.
The ogre is moderately wounded.
The wall freezes the ogre.
The ogre hits you with a +0 giant spiked club!
You feel very mighty all of a sudden.
You barely miss the ogre.
Your tail-slap misses the ogre.
The ogre is moderately wounded.
The wall freezes the ogre.
The ogre hits you with a +0 giant spiked club.
The wall freezes the ogre.
The ogre closely misses you.
You barely miss the ogre.
The ogre is severely wounded.
The wall freezes the ogre.
The ogre hits you with a +0 giant spiked club!!
You die...

....<.....†)..............##
...........)###.......###..######
............# #.......# ##.......
.###........#*#..#######*####....
...###...#...###.#......,,#..>###
.#..##.#.##...##.#....,,,,#.###
.##....#.##......#?.#*,*,,##*
.####....###...#.'..#.♣,,,* .#
#.....#*##.#@O...♣,*,,* .#
#..#..# #...#..#.#*,,* .#
#..##.## #...#..(..,,,* .#
#..##..###...#.......,* .#
#..##....#...################ .#
#.###.............###........ .#
#.# #....#.........##........ .#
#.###....##.................. .#
#.#.....##...##.......##..###


You could see an ogre.

Vanquished Creatures
  Pargi (Sewer)
  A black bear (D:2)
  A necrophage (D:5)
  An ogre (D:2)
  2 phantoms
  2 gnoll sergeants (D:5)
  2 orc priests (D:3)
  A jelly (D:6)
  An iguana (D:5)
  Natasha (thrice) (D:2)
  A scorpion zombie (D:5)
  3 gnolls (D:5)
  4 adders
  2 adder skeletons (D:4)
  2 worms (D:2)
  4 dart slugs
  7 orcs
  10 bats
  9 endoplasms
  8 giant cockroaches
  8 goblins
  4 hobgoblins
  3 jackals (D:2)
  10 kobolds
  3 quokkas
  10 ball pythons
  4 frilled lizards
  A quokka skeleton (D:4)
  6 rats
114 creatures vanquished.

Vanquished Creatures (collateral kills)
  3 gnolls (D:5)
  An adder (D:5)
  A white imp (D:5)
5 creatures vanquished.

Vanquished Creatures (others)
  A gnoll (D:5)
  A kobold (D:1)
2 creatures vanquished.

Grand Total: 121 creatures vanquished

Notes
Turn   | Place    | Note
-------+----------+-------------------------------------------
     0 | D:1      | dracfodder the Draconian Ice Elementalist began the quest
                  | for the Orb.
     0 | D:1      | Reached XP level 1. HP: 14/14 MP: 3/3
     2 | D:2      | Noticed Natasha
   338 | D:1      | Reached XP level 2. HP: 20/20 MP: 5/5
   988 | D:1      | Reached XP level 3. HP: 26/26 MP: 3/6
   992 | D:1      | Learned a level 3 spell: Frozen Ramparts
   996 | D:1      | Learned a level 3 spell: Ozocubu's Armour
  1348 | D:1      | Found a faded altar of an unknown god.
  1413 | D:2      | Noticed a black bear
  1420 | D:2      | Killed a black bear
  1421 | D:2      | Reached skill level 5 in Ice Magic
  1421 | D:2      | Reached XP level 4. HP: 22/33 MP: 1/9
  1462 | D:2      | Learned a level 1 spell: Summon Small Mammal
  1702 | D:2      | Reached XP level 5. HP: 38/38 MP: 4/10
  2045 | D:2      | Killed Natasha
  2232 | D:2      | Noticed an ogre
  2241 | D:2      | Killed an ogre
  2523 | D:2      | Noticed Natasha
  2538 | D:2      | Reached XP level 6. HP: 45/45 MP: 9/12
  2545 | D:2      | Killed Natasha
  2546 | D:2      | Reached skill level 6 in Ice Magic
  2675 | D:2      | Learned a level 4 spell: Hailstorm
  3194 | D:2      | Noticed Natasha
  3199 | D:2      | Killed Natasha
  4447 | D:5      | Entered Level 5 of the Dungeon
  5108 | D:5      | Your scales start taking on a glossy black colour.
  5108 | D:5      | Reached XP level 7. HP: 51/51 MP: 11/13
  5108 | D:5      | Gained mutation: You are resistant to electric shocks.
                  | (rElec) [Black Draconian growth]
  5131 | D:5      | Reached skill level 1 in Axes
  5364 | D:6      | Reached skill level 7 in Ice Magic
  5383 | D:6      | Found a glowing drain.
  5402 | Sewer    | Entered a sewer
  5537 | Sewer    | Noticed Pargi
  5542 | Sewer    | Killed Pargi
  5543 | Sewer    | Reached skill level 5 in Spellcasting
  5832 | D:5      | Found a staircase to the Ecumenical Temple.
  5860 | Temple   | Entered the Ecumenical Temple
  6239 | Temple   | Became a worshipper of Vehumet
  6327 | D:5      | Reached skill level 1 in Maces & Flails
  6387 | D:5      | Reached skill level 1 in Fighting
  6389 | D:5      | Reached XP level 8. HP: 54/59 MP: 11/16
  6407 | D:5      | Found Qank's Book Shop.
  6467 | D:5      | Slain by an ogre

Illustrated notes

Levels and vault maps discovered:
D:1:      dpeg_arrival_line_fractal, layout_basic,
          hellmonk_ecumenical_altar_heavens_door, lemuel_flame_loot_1
D:2:      layout_loops_ring, uniq_natasha
D:3:      layout_basic, chequers_serial_rivers_large_a
D:4:      layout_basic
D:5:      layout_rooms, minmay_temple_entry_grid, serial_shops, shop,
          kennysheep_generic_room_4
D:6:      layout_cave_pods, portal_sewer_entry_f, kennysheep_flooded_box,
          nicolae_concentric_dashed_squares_wild, grunt_decor_one_mirror,
          uniq_pikel, uniq_menkaure
D:7:      layout_rooms, gammafunk_ghost_stat_death, serial_shops, shop,
          kennysheep_cross_room, uniq_maggie
Temple:   mainiacjoe_temple_cubbyholes

Skill      XL: |  1  2  3  4  5  6  7 |
---------------+----------------------+-----
Stealth        | 2 |  2.2
Spellcasting   | 3 4 5 |  5.7
Ice Magic      | 5 6 7 |  7.4
Dodging        | 2 |  2.1
Axes           | 1 |  1.0
Maces & Flails | 1 |  1.1
Fighting       | 1 |  1.1
Slings         | |  0.9
Throwing       | |  0.1
Summonings     | |  0.8

Action                   |  1- 3 |  4- 6 |  7- 9 || total
-------------------------+-------+-------+-------++-------
Melee: Hand axe          |    22 |     9 |       ||    31
       Tailslap          |     3 |     4 |       ||     7
       War axe           |       |    10 |     4 ||    14
       Flail             |       |     5 |    22 ||    27
 Fire: Hunting sling     |       |    26 |     6 ||    32
Throw: Stone             |       |    10 |       ||    10
 Cast: Freeze            |    32 |    21 |    15 ||    68
       Frozen Ramparts   |     5 |    34 |     8 ||    47
       Ozocubu's Armour  |       |     9 |     4 ||    13
       Summon Small Mamm |       |     3 |     2 ||     5
Evoke: Wand              |       |       |     5 ||     5
  Use: Scroll            |     1 |     5 |     5 ||    11
       Potion            |       |       |     1 ||     1
 Stab: Sleeping          |       |     1 |       ||     1
Armor: Skin              |    17 |    18 |    21 ||    56
Dodge: Dodged            |    32 |    12 |    27 ||    71

Table legend: (Time is in decaauts)
 A = Elapsed time spent in this place.
 B = Non-inter-level travel time spent in this place.
 C = Inter-level travel time spent in this place.
 D = Time resting spent in this place.
 E = Time spent auto-exploring this place.
 F = Levels seen in this place.
 G = Mean time per level.
                   A        B        C        D        E       F      G
               +--------+--------+--------+--------+--------+-----+--------+
         Total |   6520 |   6312 |    208 |   1895 |   2959 |   9 |  724.4 |
       Dungeon |   5807 |   5640 |    167 |   1768 |   2670 |   7 |  829.6 |
        Temple |    421 |    380 |     41 |      0 |    289 |   1 |  421.0 |
         Sewer |    291 |    291 |      0 |    127 |      0 |   1 |  291.0 |
               +--------+--------+--------+--------+--------+-----+--------+

Top non-repeatable levels by time:
     D:2: 1766 daAuts
     D:1: 1373 daAuts
     D:4: 1048 daAuts
     D:3: 947 daAuts
     D:5: 570 daAuts
  Temple: 421 daAuts
   Sewer: 291 daAuts
     D:6: 99 daAuts
     D:7: 1 daAuts
